Cogmind - Beta 17 @@@ ROGUE MODE // 2026.07.13 @ 16:43:28 Player: atom Result: Destroyed by 69-HT3(j) with Overtuned Pulse Rifle Performance ------------- Evolutions (0) 0 Regions Visited (3) 600 Robots Destroyed (3) 15 Value Destroyed (30) 30 Prototype IDs (7) 140 Alien Tech Used (0) 0 Bonus (800) 800 TOTAL SCORE: 1585 Bonus ------- Registered with UFD 300 Met Optimus in HQ 500 Cogmind --------- Core Integrity 0/250 Matter 300/300 Energy 98/100 System Corruption 0% Temperature Cool (24) Movement Core (50) Location -9/Scraptown Parts ------- > --- POWER (1) -------- (None) > --- PROPULSION (2) --- (None) > --- UTILITY (2) ------ Advanced Visual Processing Unit Hacking Suite > --- WEAPON (2) ------- (None) > --- INVENTORY (5) ---- Light Nuclear Core IFF Parser Companion Sword DRS Beacon (Ready) Peak State ------------ > --- POWER ------------ Light Angular Momentum Engine > --- PROPULSION ------- Improved Aluminum Leg Flexi-carbon Leg > --- UTILITY ---------- Advanced Visual Processing Unit Hacking Suite > --- WEAPON ----------- Heavy Flak Cannon Power Sword > --- INVENTORY -------- Light Nuclear Core VTOL Module Advanced Terrain Scanner Improved Datajack Vortex Trap [Rating: 29] Favorites ----------- Power Light Angular Momentum Engine Engine Light Angular Momentum Engine Propulsion Aluminum Leg Treads Light Treads Leg Aluminum Leg Hover Unit Hover Unit Flight Unit VTOL Module Utility Advanced Visual Processing Unit Storage Small Storage Unit Processor Advanced Visual Processing Unit Hackware Hacking Suite Weapon Power Sword Ballistic Gun Assault Rifle Ballistic Cannon Heavy Flak Cannon Slashing Weapon Power Sword Build | -11 -10 -10 -9 ------- Run | Yrd Mat Sub Scr Slots Evolved . | . . . . Power . | . . . . Propulsion . | . . . . Utility . | . . . . Weapon . | . . . . Parts Attached 26 | 5 2 . 19 Power 2 | 1 . . 1 Engine 2 | 1 . . 1 Core . | . . . . Reactor . | . . . . Propulsion 16 | 2 2 . 12 Treads 2 | 2 . . . Leg 6 | . 2 . 4 Wheel . | . . . . Hover 5 | . . . 5 Flight 3 | . . . 3 Utility 4 | 1 . . 3 Device . | . . . . Storage 1 | 1 . . . Processor 2 | . . . 2 Hackware 1 | . . . 1 Protection . | . . . . Artifact . | . . . . Weapon 4 | 1 . . 3 Energy Gun . | . . . . Energy Cannon . | . . . . Ballistic Gun 1 | 1 . . . Ballistic Cannon 1 | . . . 1 Launcher . | . . . . Special Weapon . | . . . . Impact Weapon . | . . . . Slashing Weapon 2 | . . . 2 Piercing Weapon . | . . . . Special Melee Weapon . | . . . . Unidentified Prototypes 1 | . . . 1 Parts Lost 3 | . . . 3 Power 1 | . . . 1 Propulsion 2 | . . . 2 Utility . | . . . . Weapon . | . . . . Highest Loss Streak 3 | . . . 3 To Critical Strikes . | . . . . Average Backups 6 | 3 7 8 6 Power 1 | . 1 2 1 Propulsion 2 | 1 4 4 2 Utility . | . . . . Weapon 1 | . 2 2 1 Tool/Special . | . . . . Unused Backups 13 | . 1 . 12 Power 2 | . . . 2 Propulsion 3 | . . . 3 Utility 3 | . . . 3 Weapon 3 | . 1 . 2 Tool/Special 2 | . . . 2 Average Slot Usage (%) 87 | . 71 71 92 Engine 13 | . 14 14 13 Leg 21 | . 21 28 19 Hover 4 | . . . 6 Storage 9 | . 14 14 7 Processor 10 | . . . 13 Hackware 4 | . . . 6 Ballistic Gun 5 | . 14 14 3 Ballistic Cannon 6 | . . . 8 Slashing Weapon 8 | . . . 10 Peak Build Rating 29 | 5 6 6 29 Average Rating 17 | 4 5 6 22 On Entrance 4 | . 5 6 6 Avg Prop Armor Cover (%) 7 | . . . 7 Naked Turns . | . . . . Heaviest Build 25 | 12 12 12 25 Greatest Support 40 | 40 40 20 38 Greatest Overweight (x) 4 | . . . 4 Average Overweight (x) . | . . . . Largest Inventory Capacity 8 | 8 8 8 8 Average Capacity 7 | 7 8 8 6 Most Carried 8 | 7 8 8 8 Average Carried 6 | 3 7 8 6 Final Capacity 8 | 8 8 8 5 Final Carried 8 | 7 8 8 4 Class Distribution -------------------- 100% | Mutant Dominant Class ---------------- Mutant | -10/Materials Mutant | -10/Subcaves Mutant | -9/Scraptown Resources | -11 -10 -10 -9 ----------- Run | Yrd Mat Sub Scr Matter Collected 569 | 199 74 36 260 Remotely . | . . . . Salvage Created 48 | . . 48 . Parts 8 | . . 8 . Haulers Intercepted . | . . . . Recyclers Shooed . | . . . . Parts Field Recycled . | . . . . Retrieved Matter . | . . . . Parts Self-Destructed 14 | . . 14 . Prevented . | . . . . Parts Restored . | . . . . Kills | -11 -10 -10 -9 ------- Run | Yrd Mat Sub Scr Combat Hostiles Destroyed 3 | . . 3 . Guns 3 | . . 3 . Classes Destroyed 1 | . . 1 . Swarmer 3 | . . 3 . Best Kill Streak 3 | . . 3 . Combat Bots Only 3 | . . 3 . Max Kills in Single Turn 1 | . . 1 . Gunslinging . | . . . . Exploded . | . . . . Melee . | . . . . Uniques/NPCs Destroyed . | . . . . Combat | -11 -10 -10 -9 -------- Run | Yrd Mat Sub Scr Hostile Shots Fired 68 | . . 39 29 Missed 24 | . . 15 9 Hits 44 | . . 24 20 Projectile 44 | . . 24 20 Critical Strikes 1 | . . . 1 Damage Taken 535 | . . 195 340 Core 262 | . . 61 201 Absorbed by Shields . | . . . . Core Remaining (%) 100 | 100 . . . Volleys Fired 13 | . 1 12 . Largest 1 | . 1 1 . Hottest 20 | . 20 20 . Shots Fired 13 | . 1 12 . Gun 13 | . 1 12 . Cannon . | . . . . Launcher . | . . . . Special . | . . . . Kinetic 13 | . 1 12 . Thermal . | . . . . Explosive . | . . . . Electromagnetic . | . . . . Robot Hit Streak 2 | . . 2 . Robot Miss Streak 6 | . 1 6 . Penetration Max . | . . . . Secondary Targets . | . . . . Shots Hit Robots 4 | . . 3 1 Core Hits 3 | . . 3 . Critical Kills . | . . . . Critical Parts Destroyed . | . . . . Critical Strikes . | . . . . Melee Attacks 2 | . . . 2 Impact . | . . . . Slashing 2 | . . . 2 Piercing . | . . . . Sneak Attacks . | . . . . Combat Hostiles . | . . . . Follow-up Attacks . | . . . . Damage Inflicted 85 | . . 38 47 Guns 38 | . . 38 . Cannons . | . . . . Explosions . | . . . . Melee 47 | . . . 47 Ramming . | . . . . Kinetic 38 | . . 38 . Thermal . | . . . . Explosive . | . . . . Electromagnetic . | . . . . Impact . | . . . . Slashing 47 | . . . 47 Piercing . | . . . . Highest Corruption . | . . . . Average Corruption . | . . . . Corruption Purged . | . . . . Corruption Blocked . | . . . . Overload Shots . | . . . . Overflow Damage 26 | . . . 26 Projectiles . | . . . . Explosions . | . . . . Melee 26 | . . . 26 Knockbacks . | . . . . Impact . | . . . . Kinetic . | . . . . Secondary . | . . . . Self-Inflicted Damage . | . . . . Shots . | . . . . Rammed . | . . . . Targets Rammed . | . . . . Kicked . | . . . . Crushed . | . . . . Highest Temperature 25 | . . . 25 Average Temperature 14 | . . . 14 Received Heat Transfer 223 | . . 6 217 Siege Activations . | . . . . Martial Activations . | . . . . Shielding Activations . | . . . . Robots Disrupted . | . . . . Combat Hostiles . | . . . . Robots Corrupted . | . . . . Combat Hostiles . | . . . . Parts Fried . | . . . . Impact Corruptions . | . . . . Robots Melted . | . . . . Combat Hostiles . | . . . . Parts Melted . | . . . . Heat Transferred . | . . . . Parts Sabotaged . | . . . . Parts Stolen . | . . . . Parts Stripped . | . . . . Power Chain Reactions . | . . . . Alert | -11 -10 -10 -9 ------- Run | Yrd Mat Sub Scr Maximum Alert Level . | . . . . Low Security (%) 100 | 100 100 . . Level 1 . | . . . . Level 2 . | . . . . Level 3 . | . . . . Level 4 . | . . . . Level 5 . | . . . . High Security . | . . . . Max Security . | . . . . Peak Influence . | . . . . Initial . | . . . . Average . | . . . . Influence Increases 90 | . . 90 . Destroy 0b10 Robot/C 60 | . . 60 . Lose Combat Pursuer 30 | . . 30 . Influence Decreases 90 | . . 60 30 Entered New Map 30 | . . . 30 Time Decay 60 | . . 60 . Squads Dispatched 1 | . 1 . . Investigation . | . . . . Extermination . | . . . . Reinforcement 1 | . 1 . . Assault . | . . . . Garrison . | . . . . Intercept . | . . . . Searches Triggered . | . . . . Construction Impeded . | . . . . Haulers Reinforced . | . . . . Active Scanning Responses . | . . . . Cargo Convoy Interrupts . | . . . . Stealth | -11 -10 -10 -9 --------- Run | Yrd Mat Sub Scr Distress Signals . | . . . . Communications Jammed . | . . . . Distress Signals . | . . . . Times Spotted 22 | . 3 7 12 Peak Tracking Total 6 | . 2 6 6 Tactical Retreats 1 | . . 1 . Traps | -11 -10 -10 -9 ------- Run | Yrd Mat Sub Scr Traps Triggered . | . . . . Indirectly . | . . . . Trap Hack Attempts . | . . . . Triggered . | . . . . Disarmed . | . . . . Reprogrammed . | . . . . Reused . | . . . . Traps Extracted . | . . . . Installed . | . . . . Triggered . | . . . . Most Traps Carried 1 | . . . 1 Machines | -11 -10 -10 -9 ---------- Run | Yrd Mat Sub Scr Machines Disabled . | . . . . Max in Single Turn . | . . . . Machines Repaired . | . . . . Machines Dismantled . | . . . . Machines Sabotaged . | . . . . Overloaded Fab Kills . | . . . . Hacking | -11 -10 -10 -9 --------- Run | Yrd Mat Sub Scr Machines Accessed 9 | . 1 . 8 Terminals 1 | . 1 . . Fabricators . | . . . . Repair Stations . | . . . . Recycling Units . | . . . . Scanalyzers . | . . . . Garrison Access . | . . . . Total Hacks 52 | . 1 . 51 Successful 51 | . . . 51 Failed 1 | . 1 . . Catastrophic 1 | . 1 . . Database Lockouts . | . . . . Manual 1 | . 1 . . Terminals 1 | . 1 . . Fabricators . | . . . . Repair Stations . | . . . . Recycling Units . | . . . . Scanalyzers . | . . . . Garrison Access . | . . . . Terminal Hacks 51 | . . . 51 Record 49 | . . . 49 Open Door 1 | . . . 1 Proto ID Catalog 1 | . . . 1 Fabricator Hacks . | . . . . Repair Station Hacks . | . . . . Recycling Unit Hacks . | . . . . Scanalyzer . | . . . . Garrison Access Hacks . | . . . . Unauthorized Hacks . | . . . . Terminals . | . . . . Fabricators . | . . . . Repair Stations . | . . . . Recycling Units . | . . . . Scanalyzers . | . . . . Garrison Access . | . . . . Data Cores Recovered . | . . . . Used . | . . . . Hacking Detections 1 | . 1 . . Full Trace Events . | . . . . Feedback Events . | . . . . Feedback Blocked . | . . . . Robot Schematics Acquired . | . . . . Robots Built . | . . . . Authchips . | . . . . Time . | . . . . Total Robot Build Rating . | . . . . Part Schematics Acquired . | . . . . Parts Built . | . . . . Authchips . | . . . . Time . | . . . . Total Part Build Rating . | . . . . Part Studies Acquired . | . . . . Parts Repaired . | . . . . Time . | . . . . Parts Recycled . | . . . . Recycled Matter . | . . . . Retrieved Matter . | . . . . Retrieved Components . | . . . . Parts Scanalyzed . | . . . . Part Schematics Acquired . | . . . . Parts Damaged . | . . . . Bothacking | -11 -10 -10 -9 ------------ Run | Yrd Mat Sub Scr Used RIF Installer . | . . . . Robots Hacked . | . . . . Non-combat . | . . . . Combat . | . . . . Robot Hacks Applied . | . . . . Relay Couplers Released . | . . . . Fabnet Peak Effective % . | . . . . Robots Rewired . | . . . . Allies Hacked . | . . . . Hacks Repelled . | . . . . Allies | -11 -10 -10 -9 -------- Run | Yrd Mat Sub Scr Total Allies . | . . . . Largest Group . | . . . . Highest-Rated Group . | . . . . Highest-Rated Ally . | . . . . Total Orders . | . . . . Ally Attacks . | . . . . Total Damage . | . . . . Kills . | . . . . Allies Corrupted . | . . . . Allies Melted 2 | . . . 2 Intel | -11 -10 -10 -9 ------- Run | Yrd Mat Sub Scr Active Infowar (turns) 1807 | . . . 1807 Optics 1807 | . . . 1807 Robot Analysis Total . | . . . . Derelict Logs Recovered 1 | . . 1 . Drone Launches . | . . . . Drone Recoveries . | . . . . Exploration | -11 -10 -10 -9 ------------- Run | Yrd Mat Sub Scr Turns Passed 2505 | 87 292 290 1836 Spaces Moved 2221 | 49 199 177 1796 Core 34 | 7 . . 27 Treads 67 | 42 25 . . Legs 1421 | . 174 177 1070 Wheels . | . . . . Hover 698 | . . . 698 Flight 1 | . . . 1 Fastest Speed 50 | 50 120 120 50 Average Speed 102 | 144 125 120 97 Slowest Speed 360 | 160 160 120 360 Overloaded Moves . | . . . . Propulsion Burnouts . | . . . . Robots Hopped . | . . . . Potential Cave-ins . | . . . . Cave-ins Triggered . | . . . . Exploration Rate (%) 36 | 3 41 13 89 Regions Visited 3 Branch Regions 2 Pre-discovered Areas 1 | . . . 1 Known Exits Taken . | . . . . Unknown Exits Taken 3 | 1 1 1 . Scrap Searched 10 | . . . 10 Spaces Dug . | . . . . Terrain Destroyed . | . . . . Melee . | . . . . Projectile . | . . . . AOE . | . . . . Terrain Rammed . | . . . . Walls Destroyed . | . . . . Machines Disabled . | . . . . Actions | -11 -10 -10 -9 --------- Run | Yrd Mat Sub Scr Total 2433 | 65 240 242 1886 Wait 99 | . 36 54 9 Move 2218 | 48 198 176 1796 Hop . | . . . . Pick Up 28 | 12 2 . 14 Fast Attach 17 | . . . 17 Attach 9 | 5 . . 4 Detach 2 | . . . 2 Swap 7 | . 2 . 5 Drop 37 | . 1 . 36 Fire 13 | . 1 12 . Melee 2 | . . . 2 Ram . | . . . . Kick . | . . . . Crush . | . . . . Escape Stasis . | . . . . Rewire 1 | . . . 1 Trap . | . . . . Miscellaneous . | . . . . Route ------- -11/Scrapyard -10/Materials (discovered 3 exits: [*Mat] / [*Min] / [*Sub]) -10/Subcaves (discovered 3 exits: [*Rec] / *Scr x2) -9/Scraptown (discovered 2 exits: *Fac x2) History --------- Turn | Location | Event 5 | -11/Scrapyard | Discovered new exit (range 16) 88 | -11/Scrapyard | Entered Materials 89 | -10/Materials | Met a group of wandering Federalists 151 | -10/Materials | Discovered new exit (range 15) 242 | -10/Materials | Discovered new exit (range 8) 315 | -10/Materials | Build established: Mutant 363 | -10/Materials | Discovered new exit (range 14) 380 | -10/Materials | Entered Subcaves 381 | -10/Subcaves | Continued accompanying wandering Federalists (4) 381 | -10/Subcaves | Approached by a straggling Scientist 485 | -10/Subcaves | A swath of the cavern ceiling suddenly collapsed 547 | -10/Subcaves | Discovered new exit (range 15) 660 | -10/Subcaves | Learned location of 1 exit from Materials 670 | -10/Subcaves | Entered Scraptown 913 | -9/Scraptown | Visited UFD Registry 937 | -9/Scraptown | Visited IN-MT5's Study 973 | -9/Scraptown | Visited Cyclists 1015 | -9/Scraptown | Visited Bundlers 1135 | -9/Scraptown | Learned location of Extension (-6) 1284 | -9/Scraptown | Heard Great Nut preacher, LISTEN AND RECITE! 1357 | -9/Scraptown | Discovered new exit (range 5) 1492 | -9/Scraptown | Visited The Evicted 1530 | -9/Scraptown | Visited Symbiants 1591 | -9/Scraptown | Registered with UFD as "Monoslider" 1636 | -9/Scraptown | Visited Chapter 10 1680 | -9/Scraptown | Visited Junk Repository 1745 | -9/Scraptown | Visited Science Guys 1813 | -9/Scraptown | Visited DA-N13 Charitable Foundation 1818 | -9/Scraptown | Found DCF Scrap (28 items) 1880 | -9/Scraptown | Visited Supply Room 1908 | -9/Scraptown | Visited Abandonware Association 1927 | -9/Scraptown | Visited Junk Repository 1985 | -9/Scraptown | Visited Derelict Rescue Squad 1997 | -9/Scraptown | Found DRS Beacon 2089 | -9/Scraptown | Visited Modified Component R&D 2224 | -9/Scraptown | Met Optimus 2224 | -9/Scraptown | Accepted into 0bPrime 2311 | -9/Scraptown | Civil war broke out across Scraptown 2350 | -9/Scraptown | Found Scrap Suit 2385 | -9/Scraptown | Identified exit to Factory 2406 | -9/Scraptown | Lost 6 allies 2480 | -9/Scraptown | Visited Sword Containment 2489 | -9/Scraptown | Found Prototype Slashing Weapon 2489 | -9/Scraptown | Identified Companion Sword 2493 | -9/Scraptown | Core integrity fell below 50% 2506 | -9/Scraptown | Core integrity fell below 20% 2506 | -9/Scraptown | Destroyed by 69-HT3(j) with Overtuned Pulse Rifle Last Messages --------------- now it is stored here in HQ to prevent it from hurting any more Derelicts. If you'd like to attempt to interact with it and learn more, the door is not locked, but the UFD cannot guarantee your safety. >>Open Door Sealed Heavy Doors opened. 02482_ Airjet destroyed. 02486_ ???: "Sure seems spicy out there." 02487_ Dropped Power Sword. 02489_ Acquired Prototype Slashing Weapon. Prototype Slashing Weapon: "Whew." 02489_ Identified Companion Sword. 02490_ Acquired 10 matter. 02492_ Airjet destroyed. 02493_ 69-HT3(j) heat short circuits Scrap Suit. 02494_ Lgt. Angular Momentum Engine destroyed. 02494_ Dropped Scrap Suit. Companion Sword: "Friends don't sideline friends." Map ----- +----------------------------------------------------+ | ##??????????????????????? ??????????????????????? | | "##########?????????????? ###########???????????? | | "#""""""""#?????????????#* # #???????????? | | "#" "&&& "#?????????????#%/# !!! #???????????? | | "#" "#?????????????#[!# *% #???????????? | | "#"" ""#?????????????#%!# [/ #???????????? | | "#" "#?????????????#!%= #???????????? | | "#""= ""#???###########[[# #???????????? | | ##" "#???#]!# =[#]=#! ##### #####???????????? | | "#"" ""#???#]!# !!# ]# ####X ####????????????? | | # #???# #/ #!/# ## #????????????? | | # #???# # !## #????????????? | | # #???# #=%##j #????????????? | | ####### ###???##### #####[=##j#######????????????? | | ####### ########### ##### j## #############??????? | | """"""" """"""""""" """"" "## "#??????? | | ## ""#??????? | | "## """ "#??????? | | * ## !"### "#??????? | | % !!%"##*["#?? ""#??????? | | %==!%[=!"### "#??????? | | """"""""""""""""""""""" [=* ## %"""" "#??????? | | """"""""""""""""""""""" =%*"## ! ""#??????? | | ##### ################" %= [ "## "#??????? | | ##????????#""[=*% "############??????? | | X"#???????##" @=*= "## """#?????????? | | "" "" ##???????#;[[!*! "## ""#?????????? | | "" "" X"#??????##;&%!* "## ""#?????????? | | " " ######### ! %[ "## ]=#?????????? | | "" = =! [=*%[%[ = #?????????? | | "" [%* %%! =%[!!!%=! ## =&#?????????? | | " !" #########*#"%%[!!="## ""!!#?????????? | | "" "" ""#??????###"[=*%=["##""""!!#?????????? | | "" "" ##????????#==!%=[="#########?????????? | | X"#????????#" !*[%*%#########?????????? | | ##????????#""!*==%"##*|[=!=#?????????? | | ##### ################" =!=!!"##!=|%*!#?????????? | | """"""""""""""""""""""" " !![!=##[ !|[=#?????????? | | """""" """!" """""""""" "*=!!!*%==]!!###?????????? | | !%= !%!=%%![#!!**###?????????? | | % * =![==[=%"## %!=! #?????????? | | =%! =!=%!"##= =% #?????????? | | %! * =![*!## [! #?????????? | | %& %= *%*=!%########?????????? | | """"""""" """ """"" ! """ =[!##????????????????? | | ######### ########### #####" ! #?????????????????? | | #??# #" #!*=#?????????????????? | | ###??# | # "#%*%#?????????????????? | | #???# # [ #==#"" "" " #=!=#?????????????????? | | #???# !#! !#==#"" "" "*# !%#?????????????????? | +----------------------------------------------------+ Best States ------------- Heat Dissipation 25 Energy Generation 18 Energy Capacity 250 Matter Stores 300 Matter Capacity 300 Sight Range 20 Terrain Scan Density 10 Evasion (%) 55 Recoil Reduction 2 Offensive Hacking 10 Item Schematics ----------------- None Robot Schematics ------------------ None Fabricated ------------ Nothing Repaired ---------- Nothing Studied --------- None Alien Tech Used ----------------- None Achievements -------------- Civilization 2243 Link The Feds Strength In Numbers Challenges ------------ None Game ------ Seed TechTransportTether Manual? 0 Play Time 00:40:24 Cumulative 25.9 hours Start 2026.07.13 @ 15:56:16 End 2026.07.13 @ 16:43:28 Sessions 1 Manual Loads 0 Difficulty Rogue Special Mode None Game No. 25 Rogue 25 Adventurer 0 Explorer 0 Win Type - Total 0 Types 0/0/0/0/0/0/0/0/0/0 Lore% 22 Gallery% 27 Achievement% 16 Wizard Run 0 Options --------- Layout 1 ASCII 0 Keyboard 0 Movement Mouse Keybinds 0 Fullscreen 1 Font 32/SmallcapsGlow Map View 50x35 Zoom Use 0% Tactical HUD 1 Map Filters NONE Filters NONE Steam 1 RUN: 13d4bb28-0a44-49ad-b6cd-adb846e74e31